 Dungeon Crawl Stone Soup version 0.29.1-15-g9cfb28693d (webtiles) character file.

Game seed: 13554616127170528805

20 vishdafish the Conjurer (level 2, -3/16 (19) HPs)
             Began as a Demonspawn Conjurer on Mar 29, 2023.
             Slain by a necrophage (7 damage)
             ... on level 2 of the Dungeon.
             The game lasted 00:02:08 (1063 turns).

vishdafish the Conjurer (Demonspawn Conjurer)       Turns: 1063, Time: 00:02:10

HP:   -3/16 (19)    AC:  2    Str:  7    XL:     2   Next: 58%
MP:   2/5           EV: 12    Int: 19    God:
Gold: 45            SH:  0    Dex: 11    Spells: 4/5 levels left

rFire   . . .      SeeInvis .   i - +0 spear
rCold   . . .      Faith    .   (no shield)
rNeg    . . .      Spirit   .   a - +0 robe
rPois   .          Reflect  .   (no helmet)
rElec   .          Harm     .   (no cloak)
rCorr   .          Rampage  .   (no gloves)
Will    .....                   (no boots)
Stlth   ++........              (no amulet)
HPRegen 0.05/turn               (no ring)
MPRegen 0.18/turn               (no ring)

@: weak-willed, heavily drained
A: magic regeneration
a: no special abilities


You were on level 2 of the Dungeon.
You visited 1 branch of the dungeon, and saw 2 of its levels.

You collected 45 gold pieces.

Inventory:

Hand Weapons
 i - a +0 spear (weapon)
Missiles
 h - 3 poisoned darts
Armour
 a - a +0 robe (worn)
 d - a +0 helmet
Jewellery
 k - a ring of poison resistance
Potions
 b - 2 potions of magic


   Skills:
 - Level 2.0 Dodging
 - Level 2.0 Stealth
 + Level 2.4 Spellcasting
 + Level 4.2 Conjurations


You had 4 spell levels left.
You knew the following spells:

 Your Spells              Type           Power      Damage    Failure   Level
a - Magic Dart            Conj           72%        1d6       2%          1

Your spell library contained the following spells:

 Spells                   Type           Power      Damage    Failure   Level
 Searing Ray              Conj           36%        2d5       4%          2
 Dazzling Flash           Conj/Hex       20%        N/A       21%         3
 Fulminant Prism          Conj/Hex       5%         3d7       54%         4
 Iskenderun's Mystic Bla  Conj/Tloc      10%        2d4       54%         4
 Borgnjor's Revivificati  Necr           1%         N/A       100%        8
 Necromutation            Tmut/Necr      1%         N/A       100%        8
 Death's Door             Necr           1%         N/A       100%        9


Dungeon Overview and Level Annotations

Branches:
Dungeon (1/15)

Altars:


Innate Abilities, Weirdness & Mutations

You regenerate magic rapidly.


Message History

Magic quickly surges around you.
It was a scroll of vulnerability.
The necrophage closely misses you.
As you read the scroll labelled BELYLO ROEZOSU, it crumbles to dust.
It is a scroll of amnesia.
Really abort (and waste the scroll)?
Okay, then.
The necrophage closely misses you.
It was a potion of curing.
You feel better. The necrophage hits you.
You feel drained.
It was a potion of heal wounds.
You feel much better. The necrophage hits you.
Okay, then.
Aiming: Magic Dart (safe; 2% risk of failure)
Press: ? - help, Q - select action, (/) - cycle Shift-Dir - straight line, f/p - necrophage
Aim: a necrophage (weak-willed, 100% to hit)
The magic dart hits the necrophage.
The necrophage is lightly damaged.
The necrophage hits you!
You feel drained.
You feel much better. The necrophage closely misses you.
Aiming: Magic Dart (safe; 2% risk of failure)
Press: ? - help, Q - select action, (/) - cycle Shift-Dir - straight line, f/p - necrophage
Aim: a necrophage (lightly damaged, weak-willed, 100% to hit)
The magic dart hits the necrophage.
The necrophage is moderately damaged.
The necrophage hits you.
Aiming: Magic Dart (safe; 2% risk of failure)
Press: ? - help, Q - select action, (/) - cycle Shift-Dir - straight line, f/p - necrophage
Aim: a necrophage (lightly damaged, weak-willed, 100% to hit)
The magic dart hits the necrophage.
The necrophage is moderately damaged.
The necrophage hits you.
* * * LOW HITPOINT WARNING * * *
Okay, then.
You aren't carrying any scrolls.
Aiming: Magic Dart (safe; 2% risk of failure)
Press: ? - help, Q - select action, (/) - cycle Shift-Dir - straight line, f/p - necrophage
Aim: a necrophage (moderately damaged, weak-willed, 100% to hit)
The magic dart hits the necrophage.
The necrophage is moderately damaged.
The necrophage hits you!
You die...

*** ### *,* #.# *,*
#.# *,* #.# *,* #.#
***+******* #@#
,,,,,,,,,,* #n#
,,,,,,,,,,* #.#
,,,,,,,,,,* #.#
**#+*###########.####
,*#.##..............#
,*#.#..#########.##.#
.##.#..# #.##.#
....#.)#########.##.#


You could see a necrophage (weak-willed).

Vanquished Creatures
  A dart slug (D:1)
  3 ball pythons (D:1)
  2 bats (D:1)
  2 endoplasms (D:1)
  A giant cockroach (D:1)
  2 goblins
  2 hobgoblins (D:1)
  A frilled lizard (D:1)
  A kobold (D:1)
  2 rats
17 creatures vanquished.

Notes
Turn   | Place    | Note
-------+----------+-------------------------------------------
     0 | D:1      | vishdafish the Demonspawn Conjurer began the quest for the
                  | Orb.
     0 | D:1      | Reached XP level 1. HP: 13/13 MP: 3/3
   444 | D:1      | Gained mutation: You regenerate magic rapidly. [demonic
                  | ancestry]
   444 | D:1      | Reached XP level 2. HP: 17/19 MP: 1/5
   758 | D:1      | Found a faded altar of an unknown god.
   949 | D:1      | You fall into a shaft and drop 1 floor!
  1023 | D:2      | Noticed a necrophage
  1063 | D:2      | Slain by a necrophage

Illustrated notes

Levels and vault maps discovered:
D:1:      lightli_arrival_isolated_outpost, layout_basic,
          shapermc_ecumenical_altar_totnotflames
D:2:      layout_basic, serial_shops, nicolae_shop_bloodbath_and_beyond,
          basic_altar, guppyfry_early_orc_mine, uniq_terence

Skill      XL: |  1 |
---------------+----+-----
Dodging        | 2 |  2.0
Stealth        | 2 |  2.0
Spellcasting   | |  2.4
Conjurations   | |  4.2

Action                   || total
-------------------------++-------
Melee: Unarmed           ||     7
       Punch             ||     1
 Cast: Magic Dart        ||    39
  Use: Scroll            ||     3
       Potion            ||     3
Armor: Robe              ||     3
Dodge: Dodged            ||    11
